 Dungeon Crawl Stone Soup version 0.31-a0-965-g8a8ce12e04 (webtiles) character file.

Game seed: 18114543962404934602

79 lunkers the Insei (level 4, -1/35 HPs)
             Began as a Meteoran Shapeshifter on Oct 26, 2023.
             Was a Follower of Uskayaw.
             Slain by Natasha (7 damage)
             ... on level 2 of the Dungeon.
             The game lasted 00:02:42 (657 turns).

lunkers the Insei (Meteoran Shapeshifter)            Turns: 657, Time: 00:02:43

Health: -1/35      AC:  5    Str: 15    XL:     4   Next: 96%
Magic:  5/5        EV: 11    Int: 12    God:    Uskayaw [*.....]
Gold:   12         SH:  0    Dex: 15    Spells: 3/3 levels left

rFire   . .          .
                       - Unarmed
rCold   . . .        (no shield)
rNeg    . . .        e - +0 ring mail
rPois   .            (helmet currently unavailable)
rElec   .            (cloak currently unavailable)
rCorr   .            (gloves currently unavailable)
SInv    .            (boots currently unavailable)
Will    .....        (no amulet)
Stlth   +            (no ring)
HPRegen 0.25/turn    (no ring)
MPRegen 0.09/turn

%: no passive effects
@: beast-form, glowing
A: beast (slay +2), sense surroundings 1, otherworldly, glowing, explore regen
a: Begin Untransformation, Renounce Religion, Stomp


You were on level 2 of the Dungeon.
You worshipped Uskayaw.
Uskayaw was noncommittal.
You were a hulking beast.
You visited 1 branch of the dungeon, and saw 2 of its levels.

You collected 12 gold pieces.

Inventory:

Armour
 a - a +0 animal skin
 e - a +0 ring mail (worn)
 g - a +0 pair of gloves
 h - a +0 cloak
Talismans
 c - a beast talisman
 d - a flux talisman
Potions
 b - a potion of lignification
 f - a potion of experience {unknown}


   Skills:
 - Level 1.1 Fighting
 - Level 2.1 Dodging
 * Level 5.4 Unarmed Combat
 + Level 4.4 Shapeshifting


You had 3 spell levels left.
You didn't know any spells.
Your spell library contained the following spells:

 Spells                   Type           Power      Damage    Failure   Level
 Blink                    Tloc           0%         N/A       69%         2
 Lesser Beckoning         Tloc           0%         N/A       69%         2
 Momentum Strike          Conj/Tloc      0%         3d8       69%         2


Dungeon Overview and Level Annotations

Branches:
Dungeon (2/15) Zot: 545

Altars:
Uskayaw

Annotations:
D:2 Natasha


Innate Abilities, Weirdness & Mutations

You are a hulking beast.
Your limbs bulge with bestial killing power. (Slay +2)
You passively map a small area around you.
You are easily found by Zot.
You glow in the dark.
You regain HP and MP as you explore.


Message History

Natasha is heavily wounded.
The rat bites you.
* * * LOW HITPOINT WARNING * * *
Natasha barely misses you.
You hit Natasha but do no damage.
Natasha is heavily wounded.
The rat barely misses you. Natasha claws you.
* * * LOW HITPOINT WARNING * * *
Unknown command.
You closely miss Natasha.
Natasha is heavily wounded.
The rat twitches its whiskers.
The rat bites you.
* * * LOW HITPOINT WARNING * * *
Natasha claws you.
* * * LOW HITPOINT WARNING * * *
You closely miss Natasha.
Natasha is heavily wounded.
The rat closely misses you. The dart slug launches a dart at you.
The slug dart hits you but does no damage.
Unknown command.
You hit Natasha but do no damage.
Natasha is heavily wounded.
Natasha closely misses you. The rat bites you but does no damage.
Unknown command.
You closely miss Natasha.
Natasha is heavily wounded.
Natasha claws you.
* * * LOW HITPOINT WARNING * * *
The dart slug launches a dart at you. The slug dart misses you.
The rat barely misses you.
You hit Natasha.
Natasha is severely wounded.
Natasha barely misses you. The rat barely misses you.
You hit Natasha.
Natasha is almost dead.
Natasha claws you!
You die...
Natasha begins licking her fur clean.

' * * * *# *, , ,
#. ,, #. ..
#.########### * *
#...#............
, ,,
......hr.........
, * * #h..w?...#
#########........#
.................#
*#...............#
, ,
#...........#####
, ###..........#
.............#
.....##...####
.....*###.####


You could see Natasha, a dart slug and a rat.

Vanquished Creatures
  An iguana (D:2)
  Natasha (D:2)
  A worm (D:2)
  2 ball pythons (D:2)
  2 endoplasms
  A giant cockroach (D:1)
  2 goblins
  4 hobgoblins
  4 jackals (D:2)
  2 bats
  A frilled lizard (D:2)
  A kobold (D:2)
  3 rats
25 creatures vanquished.

Notes
Turn   | Place    | Note
-------+----------+-------------------------------------------
     0 | D:1      | lunkers the Meteoran Shapeshifter began the quest for the
                  | Orb.
     0 | D:1      | Reached XP level 1. HP: 16/16 MP: 2/2
   255 | D:1      | Reached XP level 2. HP: 23/23 MP: 3/3
   265 | D:1      | Reached skill level 4 in Unarmed Combat
   333 | D:2      | Reached XP level 3. HP: 5/28 MP: 4/4
   400 | D:2      | Noticed Natasha
   408 | D:2      | Reached XP level 4. HP: 29/35 MP: 5/5
   413 | D:2      | Killed Natasha
   414 | D:2      | Reached skill level 5 in Unarmed Combat
   591 | D:2      | Found a faded altar of an unknown god.
   624 | D:2      | Prayed at the altar of an unknown god.
   624 | D:2      | Became a worshipper of Uskayaw the Reveller
   624 | D:2      | Reached * piety under Uskayaw
   643 | D:2      | Noticed Natasha
   657 | D:2      | Slain by Natasha

Illustrated notes

Levels and vault maps discovered:
D:1:      dpeg_arrival_central, layout_basic
D:2:      layout_basic, ebering_ecumenical_altar_mist, uniq_natasha

Skill      XL: |  1  2  3  4 |
---------------+-------------+-----
Unarmed Combat | 4 5 |  5.4
Shapeshifting  | 4 |  4.4
Fighting       | |  1.1
Dodging        | |  2.1

Action                     |  1- 3 |  4- 6 || total
---------------------------+-------+-------++-------
  Melee: Unarmed           |    46 |    47 ||    93
         Punch             |     2 |     1 ||     3
    Use: Scroll            |     1 |       ||     1
 Armour: Ring mail         |    22 |    42 ||    64
  Dodge: Dodged            |    30 |    39 ||    69

Table legend: (Time is in decaauts)
 A = Elapsed time spent in this place.
 B = Non-inter-level travel time spent in this place.
 C = Inter-level travel time spent in this place.
 D = Time resting spent in this place.
 E = Time spent auto-exploring this place.
 F = Levels seen in this place.
 G = Mean time per level.
                   A        B        C        D        E       F      G
               +--------+--------+--------+--------+--------+-----+--------+
         Total |    653 |    653 |      0 |      0 |    415 |   2 |  326.5 |
       Dungeon |    653 |    653 |      0 |      0 |    415 |   2 |  326.5 |
               +--------+--------+--------+--------+--------+-----+--------+

Top non-repeatable levels by time:
     D:2: 364 daAuts
     D:1: 288 daAuts
